 Dungeon Crawl Stone Soup version 0.24.0-123-gd5b16e6ec5 (webtiles) character file.

Game seed: 15120169566123114527, levelgen mode: deterministic

75 Bluestream the Magician (level 4, 0/24 HPs)
             Began as a Deep Elf Fire Elementalist on Feb 4, 2020.
             Slain by a gnoll
             ... wielding a +0 spear
              (2 damage)
             ... on level 2 of the Dungeon.
             The game lasted 00:02:44 (1418 turns).

Bluestream the Magician (DEFE)                      Turns: 1418, Time: 00:02:45

Health: 0/24       AC:  2    Str:  5    XL:     4   Next: 11%
Magic:  0/12       EV: 13    Int: 21    God:
Gold:   54         SH:  0    Dex: 15    Spells: 8/11 levels left

rFire    . . .     SeeInvis .   (no weapon)
rCold    . . .     Gourm    .   (no shield)
rNeg     . . .     Faith    .   a - +0 robe
rPois    .         Spirit   .   (no helmet)
rElec    .         Reflect  .   (no cloak)
rCorr    .         Harm     .   (no gloves)
MR       .....                  (no boots)
Stlth    ++........             (no amulet)
HPRegen  0.08/turn              (no ring)
MPRegen  0.13/turn              (no ring)

@: no status effects
A: no striking features
a: no special abilities


You were on level 2 of the Dungeon.
You were not hungry.

You visited 1 branch of the dungeon, and saw 2 of its levels.

You collected 54 gold pieces.

Inventory:

Armour
 a - a +0 robe (worn)
Jewellery
 e - an uncursed ring of magical power {unknown}
Scrolls
 b - a scroll of enchant armour {unknown}
 d - a scroll of remove curse {unknown}
 f - a scroll of noise {unknown}
 g - a scroll of identify {unknown}
Comestibles
 c - 2 rations


   Skills:
 - Level 2.4 Dodging
 - Level 2.4 Stealth
 + Level 4.2 Spellcasting
 + Level 2.6 Conjurations
 + Level 4.1 Fire Magic


You had 8 spell levels left.
You knew the following spells:

 Your Spells              Type           Power        Failure   Level  Hunger
a - Flame Tongue          Conj/Fire      ###..        3%          1    None
b - Throw Flame           Conj/Fire      ###...       4%          2    #......

Your spell library contained the following spells:

 Spells                   Type           Power        Failure   Level  Hunger
 Conjure Flame            Conj/Fire      ###.....     9%          3    ###....
 Inner Flame              Hex/Fire       ##......     16%         3    ###....
 Sticky Flame             Conj/Fire      ###.....     28%         4    ####...
 Fireball                 Conj/Fire      ###.......   63%         5    ######.


Dungeon Overview and Level Annotations

Branches:
Dungeon (2/15)

Altars:
Okawaru


Message History

Casting: Flame Tongue (safe; 3% risk of failure)
Confirm with . or Enter, or press ? or * to list all spells.
You don't have enough magic to cast that spell.
Unknown command.
The gnoll hits you but does no damage.
You closely miss the gnoll.
The gnoll is almost dead.
The gnoll hits you with a +0 spear!
* * * LOW HITPOINT WARNING * * *
The gnoll hits you from afar with a +0 spear.
* * * LOW HITPOINT WARNING * * *
Casting: Flame Tongue (safe; 3% risk of failure)
Confirm with . or Enter, or press ? or * to list all spells.
Aiming: Flame Tongue (safe; 3% risk of failure)
Press: ? - help, Shift-Dir - straight line, f/p - gnoll
Aim: a gnoll, wielding a +0 spear (almost dead)
The flame tongue hits the gnoll but does no damage.
The gnoll is almost dead.
The gnoll hits you from afar with a +0 spear.
You die...

#############
#...........#
#.#########.# #.#
#######)##
##.##.......@.######
#####...#.######.......##
(<.)....#
#g####...#######
#####...# #.#
#..........# #####.# #.#
#....#####.# .# #.#
#.#.## #########.# #.#
#.#.# .# #.......... #
#.# #.#.######.#
.[......#.#.# #.#
#.#.....##.#


You could see a gnoll.

Vanquished Creatures
  Jessica (D:2)
  A gnoll (D:2)
  An adder (D:2)
  A worm (D:2)
  2 leopard geckos (D:2)
  5 bats
  2 giant cockroaches (D:1)
  3 goblins
  2 hobgoblins (D:1)
  4 frilled lizards (D:1)
  2 kobolds
  3 rats (D:1)
27 creatures vanquished.

Notes
Turn   | Place    | Note
-------+----------+-------------------------------------------
     0 | D:1      | Bluestream the Deep Elf Fire Elementalist began the quest
                  | for the Orb.
     0 | D:1      | Reached XP level 1. HP: 10/10 MP: 6/6
   326 | D:1      | Reached XP level 2. HP: 15/15 MP: 6/8
  1179 | D:2      | Reached XP level 3. HP: 19/19 MP: 6/10
  1367 | D:2      | Found an iron altar of Okawaru.
  1379 | D:2      | Noticed Jessica
  1383 | D:2      | Learned a level 2 spell: Throw Flame
  1384 | D:2      | Killed Jessica
  1388 | D:2      | Reached XP level 4. HP: 24/24 MP: 2/12
  1414 | D:2      | HP: 1/24 [gnoll/+0 spear (6)]
  1418 | D:2      | Slain by a gnoll

Levels and vault maps discovered:
D:1:      matt_arrival_refuge, layout_basic, dk_noncrumbling_2
D:2:      layout_loops_ring, okawaru_gym_becter,
          nicolae_overflow_quartered_altars, uniq_jessica

Skill      XL: |  1  2  3 |
---------------+----------+-----
Conjurations   | 2 |  2.6
Spellcasting   | 4 |  4.2
Fire Magic     | 4 |  4.1
Dodging        | |  2.4
Stealth        | |  2.4

Action                   |  1- 3 |  4- 6 || total
-------------------------+-------+-------++-------
Melee: Unarmed           |       |     1 ||     1
 Cast: Flame Tongue      |    45 |     7 ||    52
       Throw Flame       |     3 |       ||     3
  Eat: Chunk             |     1 |       ||     1
Armor: Robe              |     2 |     1 ||     3
Dodge: Dodged            |     6 |     3 ||     9
